 Dungeon Crawl Stone Soup version 0.30.0-5-g1a98f26d00 (webtiles) character file.

Game seed: 2370901304064976548

81 SnakkuSnakku7 the Sneak (level 4, 0/34 HPs)
             Began as a Vampire Hedge Wizard on May 12, 2023.
             Splashed by a jelly's acid (9 damage)
             ... on level 3 of the Dungeon.
             The game lasted 00:02:16 (1433 turns).

SnakkuSnakku7 the Sneak (Vampire Hedge Wizard)      Turns: 1433, Time: 00:02:17

Health: 0/34       AC: -1    Str: 11    XL:     4   Next: 19%
Magic:  8/8        EV: 12    Int: 16    God:
Gold:   74         SH:  0    Dex: 13    Spells: 8/9 levels left

rFire   . . .        a - +3 mace (venom)
rCold   . . .        (no shield)
rNeg    . . .        b - +0 robe
rPois   .            c - +0 hat
rElec   .            (no cloak)
rCorr   .            (no gloves)
SInv    +            k - +0 pair of boots
Will    .....        (no amulet)
Stlth   ++           (no ring)
HPRegen 0.45/turn    (no ring)
MPRegen 0.11/turn

%: no passive effects
@: corroded, healing quickly
A: alive, fangs 3, see invisible, vampiric 2
a: Exsanguinate


You were on level 3 of the Dungeon.
You visited 1 branch of the dungeon, and saw 3 of its levels.

You collected 74 gold pieces.

Inventory:

Hand Weapons
 a - a +3 mace of venom (weapon)
 i - a +0 dagger
 j - a +2 short sword of venom
Armour
 b - a +0 robe (worn)
 c - a +0 hat (worn)
 k - a +0 pair of boots (worn)
Jewellery
 l - a ring of ice
Scrolls
 e - 2 scrolls of identify {unknown}
 g - a scroll of teleportation {unknown}
 h - a scroll of fog {unknown}
Potions
 d - a potion of magic
 f - a potion of lignification {unknown}


   Skills:
 + Level 2.3 Fighting
 - Level 0.3 Short Blades
 + Level 1.6 Maces & Flails
 - Level 2.1 Dodging
 - Level 3.0 Stealth
 - Level 1.3 Unarmed Combat
 - Level 3.0 Spellcasting
 - Level 0.6 Conjurations
 - Level 1.0 Summonings
 - Level 0.7 Translocations


You had 8 spell levels left.
You knew the following spells:

 Your Spells              Type           Power      Damage    Failure   Level
a - Magic Dart            Conj           16%        1d3       14%         1

Your spell library contained the following spells:

 Spells                   Type           Power      Damage    Failure   Level
 Slow                     Hex            8%         N/A       19%         1
 Call Imp                 Summ           10%        N/A       19%         2
 Blink                    Tloc           8%         N/A       22%         2
 Cigotuvi's Dreadful Rot  Necr/Pois/Air  4%         N/A       28%         2
 Call Canine Familiar     Summ           5%         N/A       36%         3
 Portal Projectile        Hex/Tloc       6%         N/A       43%         3
 Mephitic Cloud           Conj/Pois/Air  3%         N/A       45%         3
 Dispel Undead            Necr           2%         3d7       88%         4
 Leda's Liquefaction      Hex/Erth       1%         N/A       88%         4
 Death Channel            Necr           1%         N/A       100%        6


Dungeon Overview and Level Annotations

Branches:
Dungeon (3/15)

Altars:


Innate Abilities, Weirdness & Mutations

Your natural rate of healing is accelerated.
You have razor-sharp teeth.
You have supernaturally acute eyesight. (SInv)
You are afflicted with vampirism and can become a bat while bloodless.


Message History

Done exploring.
Done exploring.
Done exploring.
(D) Dungeon
Where to? (Enter - D:2, ? - help)
There is a stone staircase leading down here.
You climb downwards.
There is a stone staircase leading up here.
A dart slug comes into view.
A dart slug is nearby!
A dart slug is nearby!
Found a brass ring.
The helpless dart slug fails to defend itself.
You sock the dart slug!
The dart slug is poisoned.
The dart slug is severely wounded.
You kill the dart slug!
Found a stone staircase leading down.
l - a ring of ice
Okay, then.
You pick up a book of the Hunter and begin reading...
You add the spells Call Canine Familiar, Portal Projectile and Leda's Liquefaction to your library.
You pick up a book of Decay and begin reading...
You add the spells Dispel Undead and Death Channel to your library.
Found a flail.
A jelly comes into view.
The jelly quivers.
You hit the jelly.
The jelly is poisoned.
The acid corrodes you!
Your hands burn!
You bite the jelly, but do no damage.
The jelly is lightly wounded.
The jelly barely misses you.
You hit the jelly.
Your hands burn!
You bite the jelly.
The jelly is heavily wounded.
The jelly hits you.
You are splashed with acid!
The jelly hits you.
You are splashed with acid.
* * * LOW HITPOINT WARNING * * *
The jelly attacks as you move away! The jelly misses you.
The jelly attacks as you move away! The jelly hits you.
* * * LOW HITPOINT WARNING * * *
You are splashed with acid!
You die...

##.# #.# ...# #.# ##### #..#
#.# ##...# #####..#
#####.###.###. ..##..#
#.........# #. #.##..#
#.###.###.###. #.##.##..# #.#
#.# ##...# #........###.# #.#
##.## ####...J@....###.# #.#
#####......)..# #.#
###########..#########.##
#........................
#.#####.###.#######..#..#######
#.....<.# #.........###....#
#.......# #.#####.......##.#
#....###...## #......## # #.##.
### #.>.....##


You could see a jelly (poisoned).

Vanquished Creatures
  3 adders (D:2)
  3 worms (D:2)
  A dart slug (D:3)
  6 endoplasms
  2 giant cockroaches (D:2)
  5 goblins
  4 hobgoblins
  3 jackals (D:2)
  A quokka (D:2)
  A ball python (D:1)
  3 bats (D:2)
  2 frilled lizards (D:1)
  2 kobolds
  6 rats
42 creatures vanquished.

Notes
Turn   | Place    | Note
-------+----------+-------------------------------------------
     0 | D:1      | SnakkuSnakku7 the Vampire Hedge Wizard began the quest for
                  | the Orb.
     0 | D:1      | Reached XP level 1. HP: 13/13 MP: 4/4
   286 | D:1      | Reached skill level 1 in Unarmed Combat
   349 | D:1      | Reached skill level 1 in Fighting
   349 | D:1      | Reached XP level 2. HP: 17/21 MP: 6/6
   903 | D:2      | Gained mutation: You are afflicted with vampirism and can
                  | become a bat while bloodless. [Vampire growth]
   903 | D:2      | Reached XP level 3. HP: 11/26 MP: 7/7
   978 | D:2      | Reached skill level 1 in Maces & Flails
  1247 | D:2      | Reached XP level 4. HP: 33/33 MP: 8/8
  1433 | D:3      | Splashed by a jelly's acid

Illustrated notes

Levels and vault maps discovered:
D:1:      dpeg_arrival_tiny_d, layout_basic
D:2:      layout_rooms, minivault_19
D:3:      layout_loops_ring, dk_vineyard_3

Skill      XL: |  1  2  3 |
---------------+----------+-----
Unarmed Combat | 1 |  1.3
Fighting       | 1 2 |  2.3
Maces & Flails | 1 |  1.6
Short Blades   | |  0.3
Dodging        | |  2.1
Stealth        | |  3.0
Spellcasting   | |  3.0
Conjurations   | |  0.6
Summonings     | |  1.0
Translocations | |  0.7

Action                     |  1- 3 |  4- 6 || total
---------------------------+-------+-------++-------
  Melee: Dagger            |    37 |       ||    37
         Bite              |     9 |     4 ||    13
         Mace              |    48 |    12 ||    60
         Short sword       |     7 |       ||     7
         Punch             |     1 |       ||     1
   Stab: Sleeping          |     8 |     1 ||     9
 Armour: Robe              |    18 |       ||    18
  Dodge: Dodged            |    53 |     6 ||    59
